 Dungeon Crawl Stone Soup version 0.30-a0-776-g08fbeb92c1 (webtiles) character file.

Game seed: 8019586280505411008

161 Chromium the Covered (level 5, 0/49 HPs)
             Began as an Armataur Fighter on Feb 13, 2023.
             Was a Priest of Cheibriados.
             Succumbed to an adder's poison
             ... on level 4 of the Dungeon.
             The game lasted 00:08:05 (1856 turns).

Chromium the Covered (Armataur Fighter)             Turns: 1856, Time: 00:08:05

Health: 0/49       AC:  7    Str: 31    XL:     5   Next: 18%
Magic:  2/5        EV:  7    Int: 16    God:    Cheibriados [***...]
Gold:   158        SH:  5    Dex: 18    Spells: 4/4 levels left

rFire   . . .      SeeInvis .    q - +0 trident (heavy)
rCold   . . .      Faith    +    c - +0 buckler
rNeg    . . .      Spirit   .    b - +0 scale mail
rPois   .          Reflect  .    (no helmet)
rElec   .          Harm     .    (no cloak)
rCorr   .          Roll     +    (no gloves)
Will    .....                    (no barding) Stlth
                                 i - amulet of faith
HPRegen 0.28/turn                (no ring)
MPRegen 0.09/turn                (no ring)

@: mighty, lethally poisoned (0 -> -6), very slow
A: large, rugged brown scales 3, deformed body, armoured tail, roll, long
tongue, awkward tongue
a: Renounce Religion, Bend Time, Temporal Distortion


You were on level 4 of the Dungeon.
You worshipped Cheibriados.
Cheibriados was most pleased with you.
You visited 1 branch of the dungeon, and saw 4 of its levels.

You collected 158 gold pieces.

Inventory:

Hand Weapons
 a - a +0 long sword
 q - a +0 heavy trident (weapon)
Armour
 b - a +0 scale mail (worn)
 c - a +0 buckler (worn)
 e - a +0 chain mail
Jewellery
 i - an amulet of faith (around neck)
Scrolls
 k - 2 scrolls of brand weapon {unknown}
 l - a scroll of teleportation {unknown}
 n - a scroll of poison {unknown}
 p - a scroll of amnesia {unknown}
Potions
 f - 3 potions of haste {unknown}
 g - 3 potions of flight {unknown}
 h - 3 potions of curing {unknown}
 j - 2 potions of attraction {unknown}
 m - a potion of resistance {unknown}
 o - 2 potions of berserk rage {unknown}


   Skills:
 + Level 3.6 Fighting
 - Level 2.4 Long Blades
 + Level 0.4 Polearms
 + Level 5.0 Armour
 + Level 4.0 Shields


You had 4 spell levels left.
You didn't know any spells.
Your spell library contained the following spells:

 Spells                   Type           Power      Damage    Failure   Level
 Apportation              Tloc           0%         N/A       52%         1
 Freeze                   Ice            0%         1d3       52%         1
 Necrotise                Necr           0%         1d4       52%         1
 Summon Small Mammal      Summ           0%         N/A       52%         1
 Frozen Ramparts          Ice            0%         1d1       87%         3
 Hailstorm                Conj/Ice       0%         3d3       87%         3


Dungeon Overview and Level Annotations

Branches:
Dungeon (4/15)
 Temple: D:4-7

Altars:
Cheibriados


Innate Abilities, Weirdness & Mutations

You are completely covered in rugged brown scales. (AC +3, +7% HP)
Armour fits poorly on your strangely shaped body.
You have a long armoured tail.
You roll when moving toward enemies. (Rampage)
Your long tongue fully drains potion bottles. (2x potion effects)
Your tongue gives you trouble enunciating. (1.5x scroll delay)


Message History

You fail to use your ability.
The adder bites you but does no damage. The iguana barely misses you.
The flow of time bends around you.
Cheibriados rebukes the adder.
The adder seems to slow down.
Cheibriados rebukes the iguana.
The iguana seems to slow down.
The adder bites you but does no damage.
You impale the iguana!!
You kill the iguana!
Cheibriados appreciates the change of pace.
The adder bites you but does no damage. You block the adder's attack.
Your Armour skill increases to level 5!
You have reached level 5!
The adder attacks as you move away! The adder bites you but does no damage.
You see here an iguana corpse.
The adder closely misses you. The adder bites you but does no damage.
The adder bites you.
* * * LOW HITPOINT WARNING * * *
You miss the adder.
The adder is almost dead.
The goblin unwields a +0 sling.
The goblin wields a +0 club.
The goblin hits you but does no damage. The adder bites you but does no damage.
The goblin closely misses you. You block the adder's attack.
You closely miss the adder.
Your tail-slap misses the adder.
The adder is almost dead.
The goblin hits you with a +0 club.
* * * LOW HITPOINT WARNING * * *
The adder bites you but does no damage. The goblin hits you with a +0 club.
* * * LOW HITPOINT WARNING * * *
Okay, then.
The goblin attacks as you move away! The goblin hits you but does no damage.
A ball python comes into view.
The ball python hisses angrily.
The adder bites you.
* * * LOW HITPOINT WARNING * * *
You are lethally poisoned!
The adder poisons you!
You roll towards the ball python!
You die...

......#####.......
......J..[#.......
.......##†..# .......
##..###### .......
#.......#
.......###....##..#
.......#....J.# .#.
......##.#..gS#####.....
.....# #.#......@S......
#.#....#####.#...
###.#....# #. ....#
#...#....# ##..## ....
#...#..... ....#. ...#
#...#......
......###...##.
#...#####.
..............?
#.<.##### ##.#...#....#
######......^.
............#


You could see an adder (slow), a goblin and a ball python.

Vanquished Creatures
  A hound (D:3)
  An iguana (D:4)
  3 adders (D:3)
  3 dart slugs
  2 orcs (D:3)
  5 bats
  10 endoplasms
  A giant cockroach (D:4)
  8 goblins
  4 hobgoblins
  6 jackals (D:1)
  4 quokkas
  4 ball pythons
  4 frilled lizards
  5 kobolds
  4 rats
65 creatures vanquished.

Notes
Turn   | Place    | Note
-------+----------+-------------------------------------------
     0 | D:1      | Chromium the Armataur Fighter began the quest for the Orb.
     0 | D:1      | Reached XP level 1. HP: 19/19 MP: 1/1
   129 | D:1      | Found a faded altar of an unknown god.
   150 | D:1      | Prayed at the altar of an unknown god.
   150 | D:1      | Became a worshipper of Cheibriados the Contemplative
   150 | D:1      | Reached * piety under Cheibriados
   174 | D:1      | Reached XP level 2. HP: 23/26 MP: 2/2
   190 | D:1      | Reached skill level 4 in Armour
   487 | D:1      | Reached ** piety under Cheibriados
   577 | D:2      | Reached XP level 3. HP: 33/33 MP: 3/3
  1186 | D:3      | Reached XP level 4. HP: 36/40 MP: 4/4
  1194 | D:3      | Reached *** piety under Cheibriados
  1847 | D:4      | Reached skill level 5 in Armour
  1847 | D:4      | Reached XP level 5. HP: 5/49 MP: 1/5
  1855 | D:4      | HP: 1/49 [adder (2)]
  1856 | D:4      | Succumbed to an adder's poison

Illustrated notes

Levels and vault maps discovered:
D:1:      psy_arrival_radial02, layout_rooms, chequers_ecumenical_altar_island
D:2:      layout_rooms, minmay_pentomino_z2
D:3:      layout_loops_ring
D:4:      layout_rooms

Skill      XL: |  1  2  3  4 |
---------------+-------------+-----
Long Blades    | 2 |  2.4
Armour         | 4 5 |  5.0
Fighting       | 3 |  3.6
Shields        | 4 |  4.0
Polearms       | |  0.4

Action                     |  1- 3 |  4- 6 || total
---------------------------+-------+-------++-------
  Melee: Long sword        |   118 |    11 ||   129
         Tailslap          |    12 |     3 ||    15
         Trident           |       |    29 ||    29
 Invoke: Bend Time         |       |     1 ||     1
    Use: Potion            |       |     1 ||     1
 Armour: Scale mail        |    91 |    36 ||   127
  Dodge: Dodged            |    58 |    26 ||    84
  Block: Buckler           |    29 |    14 ||    43

Table legend: (Time is in decaauts)
 A = Elapsed time spent in this place.
 B = Non-inter-level travel time spent in this place.
 C = Inter-level travel time spent in this place.
 D = Time resting spent in this place.
 E = Time spent auto-exploring this place.
 F = Levels seen in this place.
 G = Mean time per level.
                   A        B        C        D        E       F      G
               +--------+--------+--------+--------+--------+-----+--------+
         Total |   2694 |   2694 |      0 |      0 |   1211 |   4 |  673.5 |
       Dungeon |   2694 |   2694 |      0 |      0 |   1211 |   4 |  673.5 |
               +--------+--------+--------+--------+--------+-----+--------+

Top non-repeatable levels by time:
     D:3: 1189 daAuts
     D:1: 709 daAuts
     D:2: 605 daAuts
     D:4: 190 daAuts
